Map: Oxide LE

Players

HeroMarine

  • Race: Terran Terran

Dark - Winner!

  • Race: Zerg Zerg

Event: TSL 7

VOD

Have the link to the VOD?

Description

Time

  • Played on: June 20, 2021, 9:52 a.m.
  • Length: 13:03

All games in this series

Show
View Real Time Build Order
Export as new Build Order

HeroMarine Terran 

Build Orders: Reaper Expand, Hellion Banshee 

Get SALT Encoding   

  12  0:00  SCV  
  13  0:12  SCV  
  14  0:17  Supply Depot  
  14  0:24  SCV  
  15  0:38  SCV  
  15  0:40  Barracks  
  16  0:43  Refinery  
  16  0:50  SCV  
  17  1:02  SCV  
  18  1:15  SCV  
  19  1:27  Reaper, Orbital Command  
  20  1:39  Command Center  
  20  1:48  Supply Depot  
  20  1:52  SCV  
  21  1:59  Marine  
  22  2:05  SCV  
  22  2:07  Factory  
  23  2:14  Refinery  
  23  2:17  SCV  
  23  2:21  Barracks Reactor  
  24  2:29  SCV  
  25  2:41  SCV  
  26  2:52  Orbital Command  
  26  2:53  SCV  
  26  2:54  Starport  
  27  3:02  Hellion x2  
  27  3:05  SCV  
  32  3:07  Barracks Tech Lab  
  32  3:17  SCV x2  
  34  3:21  Supply Depot  
  34  3:23  Hellion x2  
  38  3:29  SCV  
  38  3:30  SCV  
  40  3:36  Banshee  
  40  3:37  Cloaking Field  
  43  3:41  SCV  
  43  3:42  SCV  
  43  3:44  Supply Depot  
  43  3:45  Hellion  
  47  3:49  Hellion  
  47  3:53  SCV  
  47  3:54  SCV  
  51  3:57  Barracks Tech Lab  
  51  4:05  SCV  
  51  4:06  SCV  
  53  4:15  Command Center  
  53  4:18  SCV x2  
  53  4:19  Banshee  
  53  4:21  Factory Reactor  
  53  4:24  Stimpack  
  58  4:29  Supply Depot  
  58  4:31  SCV x2  
  60  4:34  Barracks  
  60  4:40  Barracks  
  60  4:43  SCV x2  
  62  4:50  Bunker  
  62  4:51  Marine  
  63  4:55  SCV x2  
  63  5:07  SCV x2  
  63  5:09  Marine  
  63  5:11  Starport Reactor  
  62  5:14  Refinery, Engineering Bay  
  62  5:15  Refinery, Engineering Bay  
  62  5:17  Siege Tank  
  62  5:19  SCV x2  
  67  5:22  Supply Depot  
  67  5:26  Marine  
  68  5:29  Orbital Command  
  68  5:31  SCV  
  68  5:32  SCV, Marine x2  
  68  5:33  Marine x2  
  74  5:43  SCV  
  74  5:44  SCV, Marine  
  74  5:46  Terran Infantry Armor Level 1, Terran Infantry Weapons Level 1  
  74  5:49  Siege Tank  
  80  5:50  Marine x4  
  80  5:53  Orbital Command, Supply Depot x2  
  80  5:56  SCV  
  80  5:57  SCV  
  86  6:02  Marine  
  87  6:08  Marine x2  
  87  6:09  SCV x2, Marine x2, Combat Shield  
  93  6:14  Medivac  
  95  6:19  Medivac  
  95  6:20  Marine  
  95  6:21  Widow Mine, SCV  
  95  6:22  Supply Depot  
  95  6:23  Supply Depot  
  95  6:24  SCV x2  
  103  6:26  Marine  
  103  6:29  Supply Depot  
  104  6:33  SCV  
  104  6:34  Marine x2  
  104  6:36  SCV x2  
  104  6:38  Supply Depot  
  104  6:39  Supply Depot  
  109  6:43  Marine x2  
  109  6:45  Siege Tank  
  109  6:46  SCV  
  115  6:47  Medivac  
  115  6:51  SCV x2  
  119  6:56  Armory, Marine  
  119  6:57  Refinery, Marine x2  
  119  6:58  SCV  
  123  7:01  Marine  
  123  7:04  Barracks x2  
  123  7:06  Barracks, Marine  
  123  7:08  SCV x2  
  127  7:10  SCV  
  126  7:16  Medivac  
  126  7:17  Siege Tank  
  126  7:18  Marine  
  126  7:20  SCV  
  126  7:21  Marine  
  134  7:22  Marine  
  134  7:23  Marine  
  134  7:26  Marine  
  134  7:27  Medivac  
  139  7:35  Marine  
  140  7:38  Marine  
  140  7:40  Marine  
  140  7:41  Marine  
  140  7:49  Siege Tank  
  144  7:52  SCV  
  144  7:53  Terran Infantry Weapons Level 2, Command Center  
  144  7:54  Supply Depot, Marine, Terran Vehicle Weapons Level 1  
  144  7:57  Supply Depot  
  144  7:58  Barracks Tech Lab, Supply Depot  
  146  8:01  Marine x2  
  146  8:03  Marine  
  146  8:04  Marine  
  146  8:05  Barracks Tech Lab  
  149  8:07  Supply Depot  
  149  8:14  Terran Infantry Armor Level 2  
  149  8:15  Marine  
  149  8:18  Marine x2  
  149  8:19  Marine  
  153  8:21  Marine  
  153  8:22  Marine  
  153  8:23  Refinery, Marine  
  156  8:33  Marine  
  155  8:36  Marine x2  
  155  8:37  Marauder  
  155  8:38  Siege Tank  
  155  8:40  Marauder  
  158  8:44  Marine x2, Medivac x2  
  161  8:51  Marine  
  161  8:54  Marine x2  
  153  8:58  Marauder  
  153  9:02  Marauder x2, Marine  
  156  9:03  Supply Depot x2  
  156  9:09  Marine  
  146  9:10  Siege Tank  
  146  9:12  Marine x2  
  149  9:19  Marauder  
  149  9:20  Marine  
  149  9:23  Marauder  
  146  9:24  Marauder  
  142  9:32  Marine x2  
  142  9:34  SCV x2, Ghost Academy  
  142  9:36  SCV  
  147  9:41  Marauder, Marine x2, Medivac x2  
  147  9:42  Siege Tank  
  147  9:45  Marauder x2  
  159  9:48  SCV x3  
  159  9:49  Marine  
  163  9:56  Barracks, Marine  
  163  9:58  Barracks  
  163  9:59  Refinery, Factory, Marine  
  165  10:02  Marauder  
  165  10:03  Refinery, Planetary Fortress  
  165  10:06  Marauder, Marine  
  165  10:07  Marine  
  171  10:15  Sensor Tower  
  171  10:21  Siege Tank  
  171  10:23  Marine x2, Ghost  
  171  10:24  Ghost, Marine  
  181  10:32  Ghost  
  183  10:39  Command Center x2  
  183  10:44  Factory Tech Lab, Missile Turret  
  183  10:50  Barracks Reactor, Barracks Tech Lab  
  183  10:51  Ghost  
  183  10:54  Siege Tank  
  174  11:04  Ghost  
  167  11:07  Siege Tank  
  172  11:11  Missile Turret  
  172  11:12  Missile Turret  
  172  11:15  Marauder  
  174  11:20  Missile Turret  
  174  11:23  Marine  
  175  11:26  Siege Tank  
  174  11:39  Siege Tank  
  168  11:45  Medivac  
  166  11:53  Marauder  
  155  11:58  Widow Mine, Marine x4  
  155  11:59  Marauder  
  155  12:00  Marine x2  
  165  12:05  Marauder  
  165  12:06  Marine  
  160  12:10  Orbital Command x2  
  160  12:14  Marine  
  162  12:16  Marine x4  
  162  12:18  Marine x2  
  162  12:19  Siege Tank  
  162  12:20  Marine  
  163  12:24  Marine  
  164  12:30  Marauder  
Show
View Real Time Build Order
Export as new Build Order

Dark Zerg - Winner!

Build Orders: Hatch First, Lurkers 

Get SALT Encoding   

  12  0:00  Drone  
  13  0:13  Overlord  
  13  0:17  Drone  
  14  0:32  Drone x2  
  16  0:47  Hatchery  
  15  0:51  Drone  
  15  0:55  Drone  
  17  0:59  Drone  
  18  1:10  Extractor  
  17  1:14  Spawning Pool  
  17  1:16  Drone  
  17  1:19  Drone  
  18  1:30  Drone  
  19  1:40  Drone  
  20  1:50  Drone  
  21  2:01  Zergling x4  
  21  2:04  Queen x2  
  27  2:11  Zergling x2  
  27  2:13  Overlord  
  28  2:20  Hatchery  
  27  2:24  Drone  
  28  2:34  Drone x3  
  30  2:40  Queen  
  32  2:49  Overlord  
  32  2:50  Metabolic Boost  
  32  2:52  Drone  
  32  2:54  Drone  
  32  2:57  Drone  
  35  3:08  Drone x2  
  35  3:12  Drone  
  38  3:15  Drone x3  
  38  3:16  Queen  
  43  3:27  Overlord  
  43  3:31  Roach Warren, Overlord  
  42  3:35  Queen  
  42  3:40  Overlord  
  45  3:41  Drone  
  45  3:44  Drone  
  45  3:45  Drone  
  45  3:47  Drone  
  49  3:48  Drone  
  49  3:50  Drone  
  49  3:55  Drone x2  
  52  3:58  Extractor  
  51  4:07  Overlord  
  51  4:08  Drone x2  
  53  4:13  Roach x3  
  53  4:14  Drone x2  
  61  4:22  Zergling x6  
  64  4:26  Lair  
  64  4:27  Drone  
  64  4:29  Spore Crawler  
  64  4:30  Drone x3  
  67  4:34  Spore Crawler  
  67  4:37  Drone x3  
  69  4:42  Drone x3  
  69  4:44  Drone  
  73  4:47  Extractor  
  73  4:48  Extractor  
  73  4:49  Drone x2  
  73  4:57  Spore Crawler  
  73  4:58  Drone x2  
  73  4:59  Drone x2  
  73  5:01  Drone x3  
  76  5:10  Drone x3  
  78  5:20  Drone x3  
  81  5:25  Overseer  
  81  5:26  Drone  
  81  5:27  Overlord x2  
  81  5:30  Glial Reconstitution  
  81  5:33  Drone  
  81  5:34  Evolution Chamber x2, Infestation Pit  
  81  5:35  Hydralisk Den  
  78  5:36  Extractor x2, Drone  
  78  5:37  Drone x3  
  80  5:43  Drone x2  
  80  5:45  Overlord  
  80  5:48  Drone  
  83  5:50  Drone x3  
  83  5:53  Drone x4  
  83  5:54  Drone x2  
  92  5:58  Drone  
  92  6:01  Drone  
  92  6:04  Zerg Missile Weapons Level 1, Zerg Ground Armor Level 1  
  94  6:12  Hive  
  94  6:14  Lurker Den  
  93  6:19  Hatchery  
  93  6:21  Overlord  
  92  6:28  Roach x3  
  98  6:37  Overlord x2  
  98  6:38  Overlord  
  98  6:41  Roach x4  
  106  6:49  Overlord x2  
  106  6:52  Overlord x2  
  106  6:53  Overlord  
  106  6:56  Roach x5  
  106  6:58  Roach  
  118  7:03  Extractor  
  118  7:04  Roach x3  
  118  7:05  Extractor  
  122  7:16  Hydralisk x5  
  122  7:21  Zergling x10  
  134  7:33  Drone x4  
  134  7:35  Drone x4  
  139  7:41  Drone x3  
  139  7:43  Viper  
  145  7:45  Viper x2  
  145  7:49  Lurker x3  
  154  7:51  Drone x3  
  154  7:57  Zergling x6  
  160  8:02  Lurker  
  160  8:03  Lurker  
  162  8:08  Drone  
  162  8:09  Zerg Missile Weapons Level 2  
  162  8:10  Spore Crawler  
  162  8:19  Zerg Ground Armor Level 2  
  162  8:20  Zergling x20  
  172  8:37  Hydralisk x3  
  174  8:43  Hydralisk  
  166  8:51  Hydralisk x2  
  166  8:52  Zergling x16  
  168  8:56  Hydralisk x2  
  168  8:58  Adaptive Talons  
  168  9:00  Hydralisk x3  
  168  9:02  Zergling x4  
  170  9:05  Hydralisk  
  170  9:06  Hydralisk  
  170  9:09  Hydralisk x2  
  160  9:15  Lurker  
  160  9:16  Lurker  
  160  9:26  Lurker x2  
  160  9:27  Hydralisk  
  160  9:30  Zergling x8  
  160  9:31  Zergling x10  
  167  9:33  Lurker  
  168  9:40  Drone, Lurker x2  
  168  9:41  Drone  
  172  9:47  Drone x2  
  172  9:49  Spore Crawler  
  172  9:50  Lurker x2  
  175  9:55  Seismic Spines  
  175  9:58  Spore Crawler  
  175  9:59  Spore Crawler x4, Overlord  
  170  10:00  Drone, Overlord  
  170  10:01  Drone x2  
  170  10:02  Drone  
  170  10:05  Lurker  
  170  10:06  Overlord x2  
  175  10:17  Hatchery  
  174  10:22  Lurker x4  
  174  10:23  Hydralisk x4  
  186  10:32  Hydralisk x3  
  192  10:38  Overlord  
  192  10:40  Zergling x8  
  196  10:45  Hydralisk x2  
  200  10:52  Zergling x2  
  184  11:03  Hydralisk x2  
  177  11:05  Zergling x6  
  177  11:06  Drone x2, Zergling x6  
  177  11:07  Drone x2  
  177  11:09  Lurker x3  
  177  11:10  Lurker  
  191  11:18  Zergling x8  
  192  11:19  Hydralisk x2  
  192  11:23  Zergling x6  
  187  11:35  Hydralisk x2  
  187  11:38  Lurker x5  
  187  11:41  Zergling x16  
  187  11:43  Hydralisk  
  197  11:48  Hydralisk  
  188  11:54  Lurker  
  188  11:55  Hydralisk x2, Lurker  
  188  11:57  Zergling x6  
  197  12:02  Zergling x2  
  197  12:03  Zergling x4  
  197  12:07  Extractor  
  197  12:08  Hydralisk  
  196  12:09  Drone  
  196  12:11  Extractor  
  196  12:17  Zergling x8, Overseer  
  198  12:24  Lurker  
Tags
 
Add a new tag
Caveats
  • Supply blocks, unpowered buildings, or Contaminate may cause inaccurate times.
  • Supply counts are checked every 10 seconds.